Coyotes vs Maple Leafs
Created - 30 janvier 2015 at 21:09
Goals
|
| Coyotes |
1 |
1 |
2 |
1 |
5 |
| Maple Leafs |
1 |
1 |
2 |
0 |
4 |
|
Shots
|
| Coyotes |
11 |
15 |
10 |
1 |
37 |
| Maple Leafs |
7 |
8 |
11 |
0 |
26 |
|
1st period
1. Maple Leafs , Colby Armstrong 10 (Rob Schremp, Braydon Coburn) at 2:55
2. Coyotes , Tim Connolly 22 (Marian Gaborik) at 14:03
Penalties :
Erik Christensen (Ari) for Interference (Minor) at 6:36, Rob Schremp (Tor) for Slashing (Minor) at 15:03
2nd period
3. Coyotes , Tim Connolly 23 (Tyler Ennis, Marian Gaborik) at 3:39 (PP)
4. Maple Leafs , Byron Bitz 16 (Jamie McBain, Matt Pettinger) at 18:21
Penalties :
Noah Welch (Tor) for Hooking (Minor) at 1:48, Noah Welch (Tor) for Hooking (Minor) at 6:27, Marian Gaborik (Ari) for Hooking (Minor) at 11:39, Alexander Frolov (Tor) for Hooking (Minor) at 19:15
3rd period
5. Coyotes , Denis Grebeshkov 8 (Erik Christensen, Brian Rafalski) at 1:07 (PP)
6. Maple Leafs , Matt Pettinger 7 (Colby Armstrong, Rob Schremp) at 3:11
7. Coyotes , Tyler Ennis 12 (Tim Connolly, Marian Gaborik) at 6:19 (PP)
8. Maple Leafs , Evgeni Malkin 33 (Taylor Chorney, Marc-André Fleury) at 18:49
Penalties :
Lubomir Visnovsky (Tor) for Roughing (Minor) at 6:07, Byron Bitz (Tor) for Tripping (Minor) at 11:04, Claude Giroux (Tor) for Hooking (Minor) at 19:38
Overtime #1
9. Coyotes , Tyler Ennis 13 (Brian Rafalski, Kurt Sauer) at 1:46
Penalties :
No Penalty
Goalie Stats
Ryan Miller (Ari), 22 saves from 26 shots - (0,846), W, 27-9-5, 61:46 minutes
Marc-André Fleury (Tor), 32 saves from 37 shots - (0,865), OTL, 22-14-4, 61:46 minutes
Players Stats for Coyotes
Player Name G A P +/- PIM S H SB GA TA FO MP PP MP PK MP
------------------------------------------------------------------------------------
Adrian Aucoin 0 0 0 0 0 0 0 0 0 1 0/0 17:30 0:00 1:39
Andy Sutton 0 0 0 -1 0 0 0 1 0 0 0/0 14:33 0:00 2:19
Anton Stralman 0 0 0 0 0 0 1 1 0 0 0/0 19:11 2:59 0:00
Boyd Devereaux 0 0 0 -2 0 1 1 0 0 2 1/2 10:39 0:25 1:34
Brian Rafalski 0 2 2 0 0 1 1 0 1 0 0/0 20:14 7:14 0:00
Chad Larose 0 0 0 0 0 1 2 1 1 0 1/1 15:00 0:25 2:24
Chris Stewart 0 0 0 -1 0 3 2 0 0 1 1/1 16:09 4:59 0:00
Denis Grebeshkov 1 0 1 -2 0 3 0 0 1 1 0/0 27:48 7:14 1:39
Drew Miller 0 0 0 0 0 6 1 1 4 0 2/4 19:57 0:00 2:24
Erik Christensen 0 1 1 -1 2 1 0 0 0 1 5/8 14:54 4:59 0:00
Erik Cole 0 0 0 -1 0 0 2 0 1 0 1/2 13:15 0:00 1:34
Frans Nielsen 0 0 0 0 0 3 0 1 2 0 4/11 16:37 4:59 0:00
Kurt Sauer 0 1 1 -1 0 1 2 0 1 1 0/0 21:17 0:00 2:19
Marian Gaborik 0 3 3 0 2 7 3 0 1 0 2/3 21:52 4:49 0:00
Sami Kapanen 0 0 0 -1 0 1 1 0 0 0 1/1 9:59 2:59 0:00
Shawn Thornton 0 0 0 -1 0 0 2 0 0 0 0/0 7:49 0:00 0:00
Tim Connolly 2 1 3 0 0 6 1 1 0 0 21/34 20:38 4:49 0:00
Tyler Ennis 2 1 3 0 0 3 0 1 0 0 0/0 15:42 5:14 0:00
Players Stats for Maple Leafs
Player Name G A P +/- PIM S H SB GA TA FO MP PP MP PK MP
------------------------------------------------------------------------------------
Alexander Frolov 0 0 0 1 2 4 1 0 0 1 0/1 19:21 2:16 3:07
Blake Comeau 0 0 0 0 0 0 1 0 0 0 1/4 10:08 0:00 3:23
Braydon Coburn 0 1 1 1 0 0 2 1 1 1 0/0 19:54 1:26 4:28
Byron Bitz 1 0 1 0 2 2 4 1 0 2 1/1 17:44 1:42 2:09
Claude Giroux 0 0 0 0 2 3 2 0 1 1 7/13 25:59 2:16 5:27
Colby Armstrong 1 1 2 3 0 2 2 0 0 0 0/0 12:19 0:00 0:00
Dion Phaneuf 0 0 0 0 0 0 2 1 2 1 0/0 31:43 2:32 7:23
Evgeni Malkin 1 0 1 -1 0 3 1 0 0 1 10/28 23:42 2:16 6:07
Fabian Brunnstrom 0 0 0 0 0 2 0 2 1 1 0/0 17:05 1:42 0:29
Jamie McBain 0 1 1 1 0 2 1 3 1 0 0/0 12:08 0:00 1:41
Jordan Staal 0 0 0 0 0 1 1 0 0 1 7/16 17:17 1:42 1:22
Justin Abdelkader 0 0 0 0 0 0 0 0 0 0 0/0 4:58 0:00 0:00
Lubomir Visnovsky 0 0 0 -1 2 0 2 2 0 3 0/0 27:57 2:32 7:11
Mathieu Carle 0 0 0 1 0 0 0 0 0 0 0/0 3:33 0:00 0:00
Matt Pettinger 1 1 2 2 0 3 0 0 0 0 0/0 11:55 0:00 0:00
Noah Welch 0 0 0 1 4 1 0 1 0 0 0/0 18:14 1:26 2:59
Rob Schremp 0 2 2 2 2 2 1 0 1 0 2/4 10:51 0:00 0:00
Taylor Chorney 0 1 1 1 0 1 0 0 0 0 0/0 10:18 0:00 0:00
3 Stars
1 - Tim Connolly (Ari)
2 - Tyler Ennis (Ari)
3 - Colby Armstrong (Tor)
Power Play
Coyotes - 3 on 7 Attempt(s) - 42,86%
Maple Leafs - 0 on 2 Attempt(s) - 0,00%
Penalty Kill
Coyotes - 2 on 2 Attempt(s) - 100,00%
- Score 0 goal in Penalty Kill
Maple Leafs - 4 on 7 Attempt(s) - 57,14%
- Score 0 goal in Penalty Kill
Team Stat
Coyotes - Hits : 19 - Faceoff Wins : 39 - Blocked Shots : 7 - Penalty Minutes : 4
Maple Leafs - Hits : 20 - Faceoff Wins : 28 - Blocked Shots : 11 - Penalty Minutes : 14
Official
Referees : Peel Tim and L'Ecuyer Frederick
Linesman : Brian Murphy and Dan Schachte
Game Notes
No Game Note
Finance
Level 1 -- Attendance: 4162 (69,37%) -- Ticket Income 416 200 $
Level 2 -- Attendance: 3717 (74,34%) -- Ticket Income 241 605 $
Level 3 -- Attendance: 1240 (62,00%) -- Ticket Income 52 080 $
Level 4 -- Attendance: 2449 (61,23%) -- Ticket Income 73 470 $
Luxury Box -- Attendance: 801 (80,10%) -- Ticket Income 148 185 $
Game was played at the Maple Leafs Garden'
Total Attendance: 12369 (68,72%)
Total Ticket Income: 931 540 $
Other Income: 139 731 $
Total Income: 1 071 271 $
Coyotes
5 vs 5 Forward
Center Left Wing Right Wing Time % Phy DF OF
1 Tim Connolly Drew Miller Marian Gaborik 36 0 2 3
2 Frans Nielsen Erik Cole Chad Larose 28 1 2 2
3 Erik Christensen Tyler Ennis Chris Stewart 26 1 1 3
4 Boyd Devereaux Shawn Thornton Sami Kapanen 10 2 2 1
5 vs 5 Defense
Defense Defense Time % Phy DF OF
1 Denis Grebeshkov Kurt Sauer 38 0 3 2
2 Adrian Aucoin Anton Stralman 36 1 3 1
3 Brian Rafalski Andy Sutton 25 1 3 1
4 Anton Stralman Denis Grebeshkov 1 1 1 3
PowerPlay Forward
Center Left Wing Right Wing Time % Phy DF OF
1 Tim Connolly Tyler Ennis Marian Gaborik 57 0 0 5
2 Frans Nielsen Erik Christensen Chris Stewart 43 0 0 5
PowerPlay Defense
Defense Defense Time % Phy DF OF
1 Denis Grebeshkov Brian Rafalski 57 0 0 5
2 Anton Stralman Sami Kapanen 43 0 0 5
Penalty Kill 4 Players Forward
Center Wing Time % Phy DF OF
1 Drew Miller Chad Larose 56 0 5 0
2 Boyd Devereaux Erik Cole 44 0 5 0
Penalty Kill 4 Players Defense
Defense Defense Time % Phy DF OF
1 Kurt Sauer Andy Sutton 56 0 5 0
2 Adrian Aucoin Denis Grebeshkov 44 0 5 0
Penalty Kill - 3 Players Forward
Forward Time % Phy DF OF
1 Drew Miller 53 0 5 0
2 Chad Larose 47 0 5 0
Penalty Kill - 3 Players Defense
Defense Defense Time % Phy DF OF
1 Andy Sutton Kurt Sauer 53 0 5 0
2 Adrian Aucoin Denis Grebeshkov 47 0 5 0
4 vs 4 Forward
Center Wing Time % Phy DF OF
1 Tim Connolly Marian Gaborik 52 0 1 4
2 Frans Nielsen Drew Miller 48 0 2 3
4 vs 4 Defense
Defense Defense Time % Phy DF OF
1 Kurt Sauer Brian Rafalski 52 1 2 2
2 Denis Grebeshkov Andy Sutton 48 1 2 2
Last Minutes Offensive
Center Left Wing Right Wing Defense Defense
Tim Connolly Tyler Ennis Marian Gaborik Denis Grebeshkov Anton Stralman
Last Minutes Defensive
Center Left Wing Right Wing Defense Defense
Boyd Devereaux Drew Miller Chad Larose Kurt Sauer Anton Stralman
Goaltenders
Starting : Ryan Miller
Backup : Marc Denis
Extra Forwards
Normal : Marian Gaborik, Tyler Ennis, Chris Stewart - PP : Marian Gaborik, Chris Stewart - PK : Drew Miller
Extra Defensemen
Normal : Denis Grebeshkov, Kurt Sauer, Anton Stralman - PP : Denis Grebeshkov - PK : Andy Sutton, Kurt Sauer
Penalty Shots
Marian Gaborik, Tyler Ennis, Boyd Devereaux, Drew Miller, Tim Connolly
Maple Leafs
5 vs 5 Forward
Center Left Wing Right Wing Time % Phy DF OF
1 Evgeni Malkin Fabian Brunnstrom Claude Giroux 40 0 1 4
2 Jordan Staal Alexander Frolov Byron Bitz 30 1 2 2
3 Rob Schremp Matt Pettinger Colby Armstrong 20 1 2 2
4 Claude Giroux Justin Abdelkader Blake Comeau 10 1 2 2
5 vs 5 Defense
Defense Defense Time % Phy DF OF
1 Dion Phaneuf Lubomir Visnovsky 40 1 2 2
2 Braydon Coburn Noah Welch 30 1 2 2
3 Taylor Chorney Jamie McBain 20 1 2 2
4 Mathieu Carle Dion Phaneuf 10 1 2 2
PowerPlay Forward
Center Left Wing Right Wing Time % Phy DF OF
1 Evgeni Malkin Alexander Frolov Claude Giroux 60 1 2 2
2 Jordan Staal Fabian Brunnstrom Byron Bitz 40 1 2 2
PowerPlay Defense
Defense Defense Time % Phy DF OF
1 Dion Phaneuf Lubomir Visnovsky 60 1 2 2
2 Braydon Coburn Noah Welch 40 1 2 2
Penalty Kill 4 Players Forward
Center Wing Time % Phy DF OF
1 Claude Giroux Evgeni Malkin 60 1 2 2
2 Alexander Frolov Byron Bitz 40 1 2 2
Penalty Kill 4 Players Defense
Defense Defense Time % Phy DF OF
1 Dion Phaneuf Lubomir Visnovsky 60 1 2 2
2 Braydon Coburn Noah Welch 40 1 2 2
Penalty Kill - 3 Players Forward
Forward Time % Phy DF OF
1 Claude Giroux 60 1 2 2
2 Evgeni Malkin 40 1 2 2
Penalty Kill - 3 Players Defense
Defense Defense Time % Phy DF OF
1 Dion Phaneuf Lubomir Visnovsky 60 1 2 2
2 Braydon Coburn Noah Welch 40 1 2 2
4 vs 4 Forward
Center Wing Time % Phy DF OF
1 Claude Giroux Evgeni Malkin 60 1 2 2
2 Alexander Frolov Byron Bitz 40 1 2 2
4 vs 4 Defense
Defense Defense Time % Phy DF OF
1 Dion Phaneuf Lubomir Visnovsky 60 1 2 2
2 Braydon Coburn Noah Welch 40 1 2 2
Last Minutes Offensive
Center Left Wing Right Wing Defense Defense
Evgeni Malkin Alexander Frolov Claude Giroux Dion Phaneuf Lubomir Visnovsky
Last Minutes Defensive
Center Left Wing Right Wing Defense Defense
Evgeni Malkin Alexander Frolov Claude Giroux Dion Phaneuf Lubomir Visnovsky
Goaltenders
Starting : Marc-André Fleury
Backup : Niklas Backstrom
Extra Forwards
Normal : Colby Armstrong, Matt Pettinger, Blake Comeau - PP : Colby Armstrong, Matt Pettinger - PK : Blake Comeau
Extra Defensemen
Normal : Taylor Chorney, Jamie McBain, Mathieu Carle - PP : Taylor Chorney - PK : Jamie McBain, Mathieu Carle
Penalty Shots
Claude Giroux, Evgeni Malkin, Alexander Frolov, Byron Bitz, Fabian Brunnstrom
% Time on Ice - Coyotes
Lines # - Real PCT - Wanted PCT - Time Play
Normal Forward
1 - 35% - 36% - 15:51
2 - 30% - 28% - 13:39
3 - 21% - 26% - 9:24
4 - 15% - 10% - 6:51
Normal Defense
1 - 40% - 38% - 18:22
2 - 34% - 36% - 15:45
3 - 24% - 25% - 11:02
4 - 1% - 1% - 0:36
PP Forward
1 - 51% - 57% - 5:14
2 - 49% - 43% - 4:59
PP Defense
1 - 71% - 57% - 7:14
2 - 29% - 43% - 2:59
PK Forward
1 - 61% - 56% - 2:24
2 - 39% - 44% - 1:34
PK Defense
1 - 58% - 56% - 2:19
2 - 42% - 44% - 1:39
PK3 Forward
1 - 0% - 53%
2 - 0% - 47%
PK3 Defense
1 - 0% - 53%
2 - 0% - 47%
44 Forward
1 - 60% - 52% - 1:04
2 - 40% - 48% - 0:42
44 Defense
1 - 71% - 52% - 1:15
2 - 29% - 48% - 0:31
Last Minute Offensive - 0:00
Last Minute Defensive - 0:04
Total
Forward - 61:46
Defense - 61:46
|
% Time on Ice - Maple Leafs
Lines # - Real PCT - Wanted PCT - Time Play
Normal Forward
1 - 32% - 40% - 14:52
2 - 34% - 30% - 15:22
3 - 24% - 20% - 10:51
4 - 10% - 10% - 4:40
Normal Defense
1 - 40% - 40% - 18:07
2 - 30% - 30% - 13:51
3 - 22% - 20% - 10:14
4 - 8% - 10% - 3:33
PP Forward
1 - 57% - 60% - 2:16
2 - 43% - 40% - 1:42
PP Defense
1 - 64% - 60% - 2:32
2 - 36% - 40% - 1:26
PK Forward
1 - 73% - 60% - 7:26
2 - 27% - 40% - 2:47
PK Defense
1 - 63% - 60% - 6:28
2 - 37% - 40% - 3:45
PK3 Forward
1 - 100% - 60% - 1:38
2 - 0% - 40% - 0:00
PK3 Defense
1 - 56% - 60% - 0:55
2 - 44% - 40% - 0:43
44 Forward
1 - 100% - 60% - 0:08
2 - 0% - 40% - 0:00
44 Defense
1 - 100% - 60% - 0:08
2 - 0% - 40% - 0:00
Last Minute Offensive - 0:04
Last Minute Defensive - 0:00
Total
Forward - 61:46
Defense - 61:46
|
Play by Play
1st period
0:01 of 1st period - Evgeni Malkin wins face-off versus Tim Connolly in neutral zone.
0:24 of 1st period - Fabian Brunnstrom is hit by Marian Gaborik and loses puck.
0:29 of 1st period - Snap shot by Tim Connolly.
0:29 of 1st period - Stopped by Marc-André Fleury with a rebound.
0:31 of 1st period - Slapshot by Kurt Sauer.
0:31 of 1st period - Shot Blocked by Dion Phaneuf.
0:37 of 1st period - Snap shot by Drew Miller.
0:37 of 1st period - Stopped by Marc-André Fleury with a rebound.
1:32 of 1st period - Snap shot by Marian Gaborik.
1:32 of 1st period - Stopped by Marc-André Fleury without a rebound.
1:33 of 1st period - Jordan Staal wins face-off versus Frans Nielsen in Maple Leafs zone.
1:33 of 1st period - Jordan Staal is hit by Chad Larose.
2:03 of 1st period - Wrist shot by Rob Schremp.
2:03 of 1st period - Stopped by Ryan Miller without a rebound.
2:04 of 1st period - Erik Christensen wins face-off versus Rob Schremp in Coyotes zone.
2:38 of 1st period - Andy Sutton is hit by Colby Armstrong and loses puck.
2:45 of 1st period - Snap shot by Colby Armstrong.
2:45 of 1st period - Shot Misses the Net.
2:55 of 1st period - Wrist shot by Colby Armstrong.
2:55 of 1st period - Goal by Colby Armstrong - Coyotes : 0 - Maple Leafs : 1.
2:56 of 1st period - Erik Christensen wins face-off versus Jordan Staal in neutral zone.
3:01 of 1st period - Byron Bitz is hit by Anton Stralman.
3:30 of 1st period - Snap shot by Erik Christensen.
3:30 of 1st period - Shot Misses the Net.
3:49 of 1st period - Brian Rafalski is hit by Colby Armstrong and loses puck.
4:34 of 1st period - Wrist shot by Evgeni Malkin.
4:34 of 1st period - Shot Misses the Net.
4:48 of 1st period - Wrist shot by Frans Nielsen.
4:48 of 1st period - Stopped by Marc-André Fleury without a rebound.
4:49 of 1st period - Rob Schremp wins face-off versus Frans Nielsen in Maple Leafs zone.
4:54 of 1st period - Slapshot by Matt Pettinger.
4:54 of 1st period - Deflect By Rob Schremp.
4:54 of 1st period - Shot Misses the Net.
4:54 of 1st period - Puck is out of play.
4:55 of 1st period - Chad Larose wins face-off versus Jordan Staal in Coyotes zone.
5:21 of 1st period - Kurt Sauer is hit by Dion Phaneuf.
5:53 of 1st period - Snap shot by Marian Gaborik.
5:53 of 1st period - Stopped by Marc-André Fleury with a rebound.
6:05 of 1st period - Snap shot by Sami Kapanen.
6:05 of 1st period - Stopped by Marc-André Fleury without a rebound.
6:06 of 1st period - Sami Kapanen wins face-off versus Jordan Staal in Maple Leafs zone.
6:28 of 1st period - Icing by Andy Sutton.
6:29 of 1st period - Claude Giroux wins face-off versus Frans Nielsen in Coyotes zone.
6:32 of 1st period - Slapshot by Claude Giroux.
6:32 of 1st period - Stopped by Ryan Miller without a rebound.
6:33 of 1st period - Erik Christensen wins face-off versus Evgeni Malkin in Coyotes zone.
6:33 of 1st period - Erik Christensen is hit by Claude Giroux.
6:36 of 1st period - Minor Penalty to Erik Christensen for Interference.
6:37 of 1st period - Drew Miller wins face-off versus Evgeni Malkin in Coyotes zone.
6:41 of 1st period - Wrist shot by Evgeni Malkin.
6:41 of 1st period - Shot Blocked by Andy Sutton.
7:06 of 1st period - Icing by Byron Bitz.
7:07 of 1st period - Boyd Devereaux wins face-off versus Jordan Staal in Maple Leafs zone.
7:10 of 1st period - Slapshot by Boyd Devereaux.
7:10 of 1st period - Stopped by Marc-André Fleury with a rebound.
7:18 of 1st period - Erik Cole is hit by Byron Bitz and loses puck.
7:35 of 1st period - Snap shot by Fabian Brunnstrom.
7:35 of 1st period - Shot Misses the Net.
7:43 of 1st period - Slapshot by Fabian Brunnstrom.
7:43 of 1st period - Deflect By Erik Cole.
7:43 of 1st period - Stopped by Ryan Miller without a rebound.
7:44 of 1st period - Drew Miller wins face-off versus Evgeni Malkin in Coyotes zone.
8:36 of 1st period - Penalty to Erik Christensen is over, Erik Christensen is back on ice.
11:58 of 1st period - Snap shot by Claude Giroux.
11:58 of 1st period - Stopped by Ryan Miller without a rebound.
11:59 of 1st period - Erik Cole wins face-off versus Blake Comeau in Coyotes zone.
12:24 of 1st period - Alexander Frolov is hit by Drew Miller and loses puck.
13:03 of 1st period - Snap shot by Colby Armstrong.
13:03 of 1st period - Shot Misses the Net.
13:09 of 1st period - Snap shot by Claude Giroux.
13:09 of 1st period - Shot Misses the Net.
13:27 of 1st period - Snap shot by Alexander Frolov.
13:27 of 1st period - Stopped by Ryan Miller with a rebound.
13:57 of 1st period - Wrist shot by Erik Christensen.
13:57 of 1st period - Shot Blocked by Jamie McBain.
13:59 of 1st period - Snap shot by Chris Stewart.
13:59 of 1st period - Stopped by Marc-André Fleury without a rebound.
14:00 of 1st period - Tim Connolly wins face-off versus Jordan Staal in Maple Leafs zone.
14:03 of 1st period - Snap shot by Tim Connolly.
14:03 of 1st period - Goal by Tim Connolly - Coyotes : 1 - Maple Leafs : 1.
14:04 of 1st period - Tim Connolly wins face-off versus Evgeni Malkin in neutral zone.
14:07 of 1st period - Snap shot by Drew Miller.
14:07 of 1st period - Shot Misses the Net.
14:31 of 1st period - Lubomir Visnovsky is hit by Kurt Sauer and loses puck.
15:03 of 1st period - Minor Penalty to Rob Schremp for Slashing.
15:04 of 1st period - Tim Connolly wins face-off versus Claude Giroux in Maple Leafs zone.
15:20 of 1st period - Slapshot by Brian Rafalski.
15:20 of 1st period - Shot Blocked by Lubomir Visnovsky.
16:12 of 1st period - Alexander Frolov is hit by Tim Connolly and loses puck.
17:03 of 1st period - Penalty to Rob Schremp is over, Rob Schremp is back on ice.
17:18 of 1st period - Wrist shot by Matt Pettinger.
17:18 of 1st period - Stopped by Ryan Miller with a rebound.
17:32 of 1st period - Anton Stralman is hit by Byron Bitz and loses puck.
18:53 of 1st period - Erik Cole is hit by Jordan Staal and loses puck.
19:04 of 1st period - Wrist shot by Frans Nielsen.
19:04 of 1st period - Stopped by Marc-André Fleury without a rebound.
19:05 of 1st period - Tim Connolly wins face-off versus Evgeni Malkin in Maple Leafs zone.
19:06 of 1st period - Snap shot by Marian Gaborik.
19:06 of 1st period - Stopped by Marc-André Fleury without a rebound.
19:07 of 1st period - Claude Giroux wins face-off versus Tim Connolly in Maple Leafs zone.
19:34 of 1st period - Anton Stralman is hit by Byron Bitz and loses puck.
19:52 of 1st period - Icing by Adrian Aucoin.
19:53 of 1st period - Rob Schremp wins face-off versus Erik Christensen in Coyotes zone.
Goals for this period are 1 for Coyotes vs 1 for Maple Leafs.
Shots for this period are 11 for Coyotes vs 7 for Maple Leafs.
2nd period
0:01 of 2nd period - Tim Connolly wins face-off versus Evgeni Malkin in neutral zone.
0:10 of 2nd period - Wrist shot by Drew Miller.
0:10 of 2nd period - Shot Misses the Net.
0:12 of 2nd period - Slapshot by Drew Miller.
0:12 of 2nd period - Shot Misses the Net.
0:26 of 2nd period - Byron Bitz is hit by Kurt Sauer and loses puck.
1:48 of 2nd period - Minor Penalty to Noah Welch for Hooking.
1:49 of 2nd period - Evgeni Malkin wins face-off versus Tim Connolly in Maple Leafs zone.
1:55 of 2nd period - Icing by Marian Gaborik.
1:56 of 2nd period - Claude Giroux wins face-off versus Tim Connolly in Coyotes zone.
2:39 of 2nd period - Jamie McBain is hit by Chris Stewart and loses puck.
2:58 of 2nd period - Slapshot by Erik Christensen.
2:58 of 2nd period - Shot Blocked by Jamie McBain.
3:15 of 2nd period - Icing by Denis Grebeshkov.
3:16 of 2nd period - Blake Comeau wins face-off versus Frans Nielsen in Coyotes zone.
3:37 of 2nd period - Slapshot by Tim Connolly.
3:37 of 2nd period - Deflect By Tyler Ennis.
3:37 of 2nd period - Stopped by Marc-André Fleury with a rebound.
3:39 of 2nd period - Snap shot by Tim Connolly.
3:39 of 2nd period - Goal by Tim Connolly - Coyotes : 2 - Maple Leafs : 1.
3:40 of 2nd period - Tim Connolly wins face-off versus Evgeni Malkin in neutral zone.
3:45 of 2nd period - Slapshot by Marian Gaborik.
3:45 of 2nd period - Shot Blocked by Lubomir Visnovsky.
3:47 of 2nd period - Snap shot by Marian Gaborik.
3:47 of 2nd period - Shot Misses the Net.
3:49 of 2nd period - Backhand shot by Drew Miller.
3:49 of 2nd period - Shot Blocked by Fabian Brunnstrom.
3:51 of 2nd period - Wrist shot by Drew Miller.
3:51 of 2nd period - Shot Misses the Net.
3:57 of 2nd period - Backhand shot by Marian Gaborik.
3:57 of 2nd period - Shot Hit the Post.
4:07 of 2nd period - Sami Kapanen is hit by Byron Bitz.
4:11 of 2nd period - Snap shot by Alexander Frolov.
4:11 of 2nd period - Stopped by Ryan Miller with a rebound.
4:51 of 2nd period - Wrist shot by Claude Giroux.
4:51 of 2nd period - Shot Blocked by Chad Larose.
4:53 of 2nd period - Slapshot by Taylor Chorney.
4:53 of 2nd period - Stopped by Ryan Miller without a rebound.
4:54 of 2nd period - Tim Connolly wins face-off versus Claude Giroux in Coyotes zone.
5:49 of 2nd period - Snap shot by Matt Pettinger.
5:49 of 2nd period - Shot Misses the Net.
6:20 of 2nd period - Wrist shot by Tim Connolly.
6:20 of 2nd period - Stopped by Marc-André Fleury without a rebound.
6:21 of 2nd period - Tim Connolly wins face-off versus Jordan Staal in Maple Leafs zone.
6:22 of 2nd period - Wrist shot by Drew Miller.
6:22 of 2nd period - Stopped by Marc-André Fleury without a rebound.
6:23 of 2nd period - Tim Connolly wins face-off versus Evgeni Malkin in Maple Leafs zone.
6:27 of 2nd period - Minor Penalty to Noah Welch for Hooking.
6:28 of 2nd period - Claude Giroux wins face-off versus Tim Connolly in Maple Leafs zone.
8:27 of 2nd period - Penalty to Noah Welch is over, Noah Welch is back on ice.
8:39 of 2nd period - Snap shot by Dion Phaneuf.
8:39 of 2nd period - Shot Blocked by Frans Nielsen.
11:25 of 2nd period - Byron Bitz is hit by Shawn Thornton and loses puck.
11:39 of 2nd period - Minor Penalty to Marian Gaborik for Hooking.
11:40 of 2nd period - Evgeni Malkin wins face-off versus Drew Miller in Coyotes zone.
11:52 of 2nd period - Icing by Claude Giroux.
11:53 of 2nd period - Evgeni Malkin wins face-off versus Drew Miller in Maple Leafs zone.
12:23 of 2nd period - Off-side.
12:24 of 2nd period - Byron Bitz wins face-off versus Boyd Devereaux in neutral zone.
13:23 of 2nd period - Chad Larose is hit by Dion Phaneuf and loses puck.
13:39 of 2nd period - Penalty to Marian Gaborik is over, Marian Gaborik is back on ice.
13:51 of 2nd period - Slapshot by Marian Gaborik.
13:51 of 2nd period - Shot Misses the Net.
13:53 of 2nd period - Snap shot by Drew Miller.
13:53 of 2nd period - Stopped by Marc-André Fleury with a rebound.
13:55 of 2nd period - Snap shot by Drew Miller.
13:55 of 2nd period - Stopped by Marc-André Fleury with a rebound.
13:59 of 2nd period - Slapshot by Marian Gaborik.
13:59 of 2nd period - Stopped by Marc-André Fleury with a rebound.
14:01 of 2nd period - Wrist shot by Chad Larose.
14:01 of 2nd period - Shot Misses the Net.
14:03 of 2nd period - Snap shot by Drew Miller.
14:03 of 2nd period - Stopped by Marc-André Fleury without a rebound.
14:04 of 2nd period - Jordan Staal wins face-off versus Erik Christensen in Maple Leafs zone.
14:38 of 2nd period - Snap shot by Colby Armstrong.
14:38 of 2nd period - Stopped by Ryan Miller without a rebound.
14:39 of 2nd period - Erik Christensen wins face-off versus Evgeni Malkin in Coyotes zone.
14:46 of 2nd period - Snap shot by Erik Christensen.
14:46 of 2nd period - Stopped by Marc-André Fleury with a rebound.
14:48 of 2nd period - Wrist shot by Chris Stewart.
14:48 of 2nd period - Stopped by Marc-André Fleury without a rebound.
14:49 of 2nd period - Claude Giroux wins face-off versus Erik Christensen in Maple Leafs zone.
15:08 of 2nd period - Snap shot by Tyler Ennis.
15:08 of 2nd period - Shot Blocked by Fabian Brunnstrom.
15:10 of 2nd period - Slapshot by Denis Grebeshkov.
15:10 of 2nd period - Deflect By Chris Stewart.
15:10 of 2nd period - Shot Misses the Net.
15:10 of 2nd period - Puck is out of play.
15:11 of 2nd period - Jordan Staal wins face-off versus Tim Connolly in Maple Leafs zone.
15:16 of 2nd period - Snap shot by Byron Bitz.
15:16 of 2nd period - Stopped by Ryan Miller without a rebound.
15:17 of 2nd period - Jordan Staal wins face-off versus Tim Connolly in Coyotes zone.
15:20 of 2nd period - Slapshot by Alexander Frolov.
15:20 of 2nd period - Stopped by Ryan Miller with a rebound.
15:22 of 2nd period - Wrist shot by Byron Bitz.
15:22 of 2nd period - Shot Blocked by Anton Stralman.
15:26 of 2nd period - Slapshot by Alexander Frolov.
15:26 of 2nd period - Shot Blocked by Drew Miller.
15:28 of 2nd period - Wrist shot by Byron Bitz.
15:28 of 2nd period - Shot Blocked by Tim Connolly.
15:30 of 2nd period - Slapshot by Noah Welch.
15:30 of 2nd period - Stopped by Ryan Miller without a rebound.
15:31 of 2nd period - Tim Connolly wins face-off versus Evgeni Malkin in Coyotes zone.
15:38 of 2nd period - Snap shot by Evgeni Malkin.
15:38 of 2nd period - Shot Misses the Net.
15:58 of 2nd period - Frans Nielsen is hit by Alexander Frolov and loses puck.
16:07 of 2nd period - Alexander Frolov is hit by Erik Cole and loses puck.
16:18 of 2nd period - Alexander Frolov is hit by Shawn Thornton and loses puck.
17:00 of 2nd period - Matt Pettinger is hit by Brian Rafalski and loses puck.
17:40 of 2nd period - Claude Giroux is hit by Sami Kapanen and loses puck.
18:17 of 2nd period - Wrist shot by Byron Bitz.
18:17 of 2nd period - Shot Misses the Net.
18:19 of 2nd period - Slapshot by Jamie McBain.
18:19 of 2nd period - Stopped by Ryan Miller with a rebound.
18:21 of 2nd period - Snap shot by Byron Bitz.
18:21 of 2nd period - Goal by Byron Bitz - Coyotes : 2 - Maple Leafs : 2.
18:22 of 2nd period - Tim Connolly wins face-off versus Evgeni Malkin in neutral zone.
18:27 of 2nd period - Snap shot by Marian Gaborik.
18:27 of 2nd period - Stopped by Marc-André Fleury with a rebound.
18:29 of 2nd period - Backhand shot by Kurt Sauer.
18:29 of 2nd period - Shot Misses the Net.
18:31 of 2nd period - Snap shot by Tim Connolly.
18:31 of 2nd period - Stopped by Marc-André Fleury without a rebound.
18:32 of 2nd period - Tim Connolly wins face-off versus Evgeni Malkin in Maple Leafs zone.
19:12 of 2nd period - Wrist shot by Tim Connolly.
19:12 of 2nd period - Stopped by Marc-André Fleury without a rebound.
19:13 of 2nd period - Jordan Staal wins face-off versus Frans Nielsen in Maple Leafs zone.
19:15 of 2nd period - Minor Penalty to Alexander Frolov for Hooking.
19:16 of 2nd period - Tim Connolly wins face-off versus Claude Giroux in Maple Leafs zone.
19:16 of 2nd period - Slapshot by Marian Gaborik.
19:16 of 2nd period - Stopped by Marc-André Fleury with a rebound.
19:18 of 2nd period - Slapshot by Denis Grebeshkov.
19:18 of 2nd period - Stopped by Marc-André Fleury with a rebound.
19:48 of 2nd period - Byron Bitz is hit by Chris Stewart and loses puck.
Goals for this period are 1 for Coyotes vs 1 for Maple Leafs.
Shots for this period are 15 for Coyotes vs 8 for Maple Leafs.
3rd period
0:01 of 3rd period - Tim Connolly wins face-off versus Claude Giroux in neutral zone.
0:44 of 3rd period - Snap shot by Byron Bitz.
0:44 of 3rd period - Shot Misses the Net.
0:47 of 3rd period - Icing by Erik Christensen.
0:48 of 3rd period - Claude Giroux wins face-off versus Frans Nielsen in Coyotes zone.
1:05 of 3rd period - Snap shot by Erik Christensen.
1:05 of 3rd period - Shot Misses the Net.
1:07 of 3rd period - Slapshot by Denis Grebeshkov.
1:07 of 3rd period - Goal by Denis Grebeshkov - Coyotes : 3 - Maple Leafs : 2.
1:08 of 3rd period - Tim Connolly wins face-off versus Evgeni Malkin in neutral zone.
1:11 of 3rd period - Dion Phaneuf is hit by Marian Gaborik and loses puck.
1:51 of 3rd period - Tyler Ennis is hit by Claude Giroux and loses puck.
1:56 of 3rd period - Slapshot by Claude Giroux.
1:56 of 3rd period - Stopped by Ryan Miller with a rebound.
1:58 of 3rd period - Slapshot by Jamie McBain.
1:58 of 3rd period - Stopped by Ryan Miller without a rebound.
1:59 of 3rd period - Marian Gaborik wins face-off versus Alexander Frolov in Coyotes zone.
2:14 of 3rd period - Slapshot by Kurt Sauer.
2:14 of 3rd period - Shot Blocked by Byron Bitz.
2:34 of 3rd period - Slapshot by Jamie McBain.
2:34 of 3rd period - Deflect By Rob Schremp.
2:34 of 3rd period - Stopped by Ryan Miller without a rebound.
2:35 of 3rd period - Chris Stewart wins face-off versus Jordan Staal in Coyotes zone.
2:47 of 3rd period - Slapshot by Byron Bitz.
2:47 of 3rd period - Shot Misses the Net.
2:49 of 3rd period - Slapshot by Lubomir Visnovsky.
2:49 of 3rd period - Shot Misses the Net.
2:51 of 3rd period - Snap shot by Byron Bitz.
2:51 of 3rd period - Shot Blocked by Tyler Ennis.
3:09 of 3rd period - Slapshot by Matt Pettinger.
3:09 of 3rd period - Stopped by Ryan Miller with a rebound.
3:11 of 3rd period - Snap shot by Matt Pettinger.
3:11 of 3rd period - Goal by Matt Pettinger - Coyotes : 3 - Maple Leafs : 3.
3:12 of 3rd period - Evgeni Malkin wins face-off versus Tim Connolly in neutral zone.
3:29 of 3rd period - Wrist shot by Claude Giroux.
3:29 of 3rd period - Shot Misses the Net.
3:49 of 3rd period - Alexander Frolov is hit by Chad Larose.
4:26 of 3rd period - Snap shot by Chris Stewart.
4:26 of 3rd period - Stopped by Marc-André Fleury with a rebound.
4:28 of 3rd period - Slapshot by Brian Rafalski.
4:28 of 3rd period - Deflect By Justin Abdelkader.
4:28 of 3rd period - Stopped by Marc-André Fleury with a rebound.
4:30 of 3rd period - Slapshot by Chris Stewart.
4:30 of 3rd period - Shot Blocked by Noah Welch.
4:44 of 3rd period - Slapshot by Jordan Staal.
4:44 of 3rd period - Stopped by Ryan Miller without a rebound.
4:45 of 3rd period - Jordan Staal wins face-off versus Tim Connolly in Coyotes zone.
4:50 of 3rd period - Snap shot by Byron Bitz.
4:50 of 3rd period - Deflect By Alexander Frolov.
4:50 of 3rd period - Shot Misses the Net.
4:50 of 3rd period - Puck is out of play.
4:51 of 3rd period - Marian Gaborik wins face-off versus Evgeni Malkin in Coyotes zone.
5:26 of 3rd period - Wrist shot by Frans Nielsen.
5:26 of 3rd period - Stopped by Marc-André Fleury without a rebound.
5:27 of 3rd period - Evgeni Malkin wins face-off versus Erik Cole in Maple Leafs zone.
5:36 of 3rd period - Wrist shot by Evgeni Malkin.
5:36 of 3rd period - Stopped by Ryan Miller without a rebound.
5:37 of 3rd period - Frans Nielsen wins face-off versus Evgeni Malkin in Coyotes zone.
5:37 of 3rd period - Frans Nielsen is hit by Braydon Coburn.
5:47 of 3rd period - Evgeni Malkin is hit by Erik Cole and loses puck.
6:00 of 3rd period - Snap shot by Chad Larose.
6:00 of 3rd period - Stopped by Marc-André Fleury without a rebound.
6:01 of 3rd period - Tim Connolly wins face-off versus Jordan Staal in Maple Leafs zone.
6:07 of 3rd period - Minor Penalty to Lubomir Visnovsky for Roughing.
6:08 of 3rd period - Claude Giroux wins face-off versus Tim Connolly in Maple Leafs zone.
6:17 of 3rd period - Snap shot by Tim Connolly.
6:17 of 3rd period - Shot Blocked by Jamie McBain.
6:19 of 3rd period - Snap shot by Tyler Ennis.
6:19 of 3rd period - Goal by Tyler Ennis - Coyotes : 4 - Maple Leafs : 3.
6:20 of 3rd period - Evgeni Malkin wins face-off versus Marian Gaborik in neutral zone.
6:29 of 3rd period - Slapshot by Evgeni Malkin.
6:29 of 3rd period - Stopped by Ryan Miller with a rebound.
6:31 of 3rd period - Slapshot by Fabian Brunnstrom.
6:31 of 3rd period - Stopped by Ryan Miller without a rebound.
6:32 of 3rd period - Evgeni Malkin wins face-off versus Tim Connolly in Coyotes zone.
6:42 of 3rd period - Off-side.
6:43 of 3rd period - Tim Connolly wins face-off versus Evgeni Malkin in neutral zone.
7:20 of 3rd period - Kurt Sauer is hit by Lubomir Visnovsky and loses puck.
7:31 of 3rd period - Backhand shot by Kurt Sauer.
7:31 of 3rd period - Deflect By Matt Pettinger.
7:31 of 3rd period - Stopped by Marc-André Fleury with a rebound.
7:33 of 3rd period - Snap shot by Denis Grebeshkov.
7:33 of 3rd period - Deflect By Rob Schremp.
7:33 of 3rd period - Stopped by Marc-André Fleury with a rebound.
7:37 of 3rd period - Slapshot by Erik Christensen.
7:37 of 3rd period - Shot Blocked by Braydon Coburn.
8:18 of 3rd period - Icing by Adrian Aucoin.
8:19 of 3rd period - Jordan Staal wins face-off versus Tim Connolly in Coyotes zone.
8:32 of 3rd period - Wrist shot by Drew Miller.
8:32 of 3rd period - Stopped by Marc-André Fleury without a rebound.
8:33 of 3rd period - Frans Nielsen wins face-off versus Claude Giroux in Maple Leafs zone.
8:36 of 3rd period - Slapshot by Chad Larose.
8:36 of 3rd period - Deflect By Erik Cole.
8:36 of 3rd period - Shot Misses the Net.
8:36 of 3rd period - Puck is out of play.
8:37 of 3rd period - Evgeni Malkin wins face-off versus Frans Nielsen in Maple Leafs zone.
8:49 of 3rd period - Icing by Claude Giroux.
8:50 of 3rd period - Evgeni Malkin wins face-off versus Tim Connolly in Maple Leafs zone.
9:23 of 3rd period - Off-side.
9:24 of 3rd period - Frans Nielsen wins face-off versus Jordan Staal in neutral zone.
9:39 of 3rd period - Snap shot by Alexander Frolov.
9:39 of 3rd period - Stopped by Ryan Miller without a rebound.
9:40 of 3rd period - Tim Connolly wins face-off versus Evgeni Malkin in Coyotes zone.
9:40 of 3rd period - Tim Connolly is hit by Lubomir Visnovsky.
9:52 of 3rd period - Wrist shot by Marian Gaborik.
9:52 of 3rd period - Stopped by Marc-André Fleury without a rebound.
9:53 of 3rd period - Tim Connolly wins face-off versus Evgeni Malkin in Maple Leafs zone.
9:54 of 3rd period - Snap shot by Marian Gaborik.
9:54 of 3rd period - Shot Misses the Net.
10:20 of 3rd period - Denis Grebeshkov is hit by Rob Schremp and loses puck.
11:04 of 3rd period - Minor Penalty to Byron Bitz for Tripping.
11:05 of 3rd period - Frans Nielsen wins face-off versus Claude Giroux in Maple Leafs zone.
11:53 of 3rd period - Chad Larose is hit by Braydon Coburn and loses puck.
12:00 of 3rd period - Braydon Coburn is hit by Boyd Devereaux.
13:04 of 3rd period - Penalty to Byron Bitz is over, Byron Bitz is back on ice.
16:27 of 3rd period - Sami Kapanen is hit by Blake Comeau.
16:55 of 3rd period - Tyler Ennis is hit by Jamie McBain and loses puck.
18:49 of 3rd period - Slapshot by Evgeni Malkin.
18:49 of 3rd period - Goal by Evgeni Malkin - Coyotes : 4 - Maple Leafs : 4.
18:50 of 3rd period - Erik Christensen wins face-off versus Rob Schremp in neutral zone.
19:38 of 3rd period - Minor Penalty to Claude Giroux for Hooking.
19:39 of 3rd period - Tim Connolly wins face-off versus Blake Comeau in Maple Leafs zone.
19:54 of 3rd period - Brian Rafalski is hit by Evgeni Malkin and loses puck.
Goals for this period are 2 for Coyotes vs 2 for Maple Leafs.
Shots for this period are 10 for Coyotes vs 11 for Maple Leafs.
Overtime #1
0:01 of 1st overtime period - Tim Connolly wins face-off versus Blake Comeau in neutral zone.
0:06 of 1st overtime period - Lubomir Visnovsky is hit by Marian Gaborik and loses puck.
1:38 of 1st overtime period - Penalty to Claude Giroux is over, Claude Giroux is back on ice.
1:46 of 1st overtime period - Wrist shot by Tyler Ennis.
1:46 of 1st overtime period - Goal by Tyler Ennis - Coyotes : 5 - Maple Leafs : 4.
Goals for this period are 1 for Coyotes vs 0 for Maple Leafs.
Shots for this period are 1 for Coyotes vs 0 for Maple Leafs.
Output by the SimonT Hockey Simulator (STHS) for François Prévost -- Original Page W3C XHTML 1.0 Valid